 Dungeon Crawl Stone Soup version 0.24-a0-530-g18ba70b503 (webtiles) character file.

Game seed: 15833270246734862798

37 Mithandil the Conjurer (level 3, -8/20 HPs)
             Began as a Tengu Conjurer on Aug 7, 2019.
             Mangled by Grinder (10 damage)
             ... on level 2 of the Dungeon.
             The game lasted 00:08:11 (1797 turns).

Mithandil the Conjurer (Tengu Conjurer)             Turns: 1797, Time: 00:08:12

Health: -8/20      AC:  4    Str:  9    XL:     3   Next: 41%
Magic:  1/7        EV: 12    Int: 15    God:
Gold:   69         SH:  3    Dex: 14    Spells: 3/6 levels left

rFire    . . .     SeeInvis .   b - +0 spear
rCold    . . .     Gourm    .   (no shield)
rNeg     . . .     Faith    .   d - +0 leather armour
rPois    .         Spirit   .   (helmet restricted)
rElec    .         Reflect  +   j - +0 cloak
rCorr    .         Harm     .   (no gloves)
MR       .....                  (boots unavailable)
Stlth    +++.......             m - +3 amulet of reflection
HPRegen  0.06/turn              e - ring of stealth
MPRegen  0.10/turn              (no ring)

@: no status effects
A: beak, talons 3
a: no special abilities


You were on level 2 of the Dungeon.
You were hungry.

You visited 1 branch of the dungeon, and saw 3 of its levels.

You collected 69 gold pieces.

Inventory:

Hand Weapons
 a - a +0 mace of protection
 b - a +0 spear (weapon)
Missiles
 p - 4 boomerangs (quivered)
Armour
 d - a +0 leather armour (worn)
 j - a +0 cloak (worn)
Jewellery
 e - a ring of stealth (left hand)
 m - a +3 amulet of reflection (around neck)
Scrolls
 f - a scroll of enchant armour {unknown}
 i - 3 scrolls of remove curse {unknown}
 o - 2 scrolls of noise {unknown}
Potions
 h - a potion of resistance {unknown}
 k - 3 potions of haste {unknown}
 l - a potion of ambrosia {unknown}
 n - a potion of heal wounds {unknown}
Comestibles
 c - 5 rations
 g - 8 chunks of flesh


   Skills:
 + Level 0.5 Fighting
 * Level 0.5 Polearms
 + Level 0.7 Throwing
 + Level 2.4 Dodging
 + Level 2.3 Stealth
 * Level 2.3 Spellcasting
 * Level 5.8 Conjurations


You had 3 spell levels left.
You knew the following spells:

 Your Spells              Type           Power        Failure   Level  Hunger
a - Magic Dart            Conj           ###.         2%          1    #......
b - Searing Ray           Conj           ###...       4%          2    ###....

Your spell library contained the following spells:

 Spells                   Type           Power        Failure   Level  Hunger
 Dazzling Spray           Conj/Hex       ##....       28%         3    ###....
 Iskenderun's Mystic Bla  Conj           ###.....     28%         4    #####..
 Force Lance              Conj/Tloc      ##......     67%         4    #####..
 Fulminant Prism          Conj/Hex       ##........   67%         4    #####..


Dungeon Overview and Level Annotations

Branches:
Dungeon (3/15)

Altars:
Okawaru

Annotations:
D:2 exclusion: downstairs, Grinder


Innate Abilities, Weirdness & Mutations

You have a beak for a mouth.
You have claws for feet.


Message History

The searing ray hits Grinder.
Grinder is lightly wounded.
Grinder says, "Mostly I couldn't keep them alive."
Grinder hits you!
* * * LOW HITPOINT WARNING * * *
You writhe in agony.
* * * LOW HITPOINT WARNING * * *
Casting: Searing Ray (safe; 4% risk of failure)
Confirm with . or Enter, or press ? or * to list all spells.
Aiming: Searing Ray (safe; 4% risk of failure)
Press: ? - help, Shift-Dir - straight line, f/p - Grinder
Aim: Grinder (lightly wounded)
The searing ray misses Grinder. (Press . to maintain the ray.) Grinder barely misses you.
The searing ray hits Grinder.
Grinder is moderately wounded.
Grinder hits you!
Ouch! That really hurt!
You die...

#....÷........ #######
#............. #.....#
#####.#.......
#.###.############.####...#
#? #..............######.#
#. #..##..###............#
#. #..##..###.#########...
#.###..##...##.####........
#...#..###@5÷..............
###.#..# #..##.###.........
#(#........#.# .....#...
#.#........... .........
#.#.#......#.## #######..
#<# #......#.# #.. ###
###.####.# . .. .# # ###


You could see Grinder.

Vanquished Creatures
  A dart slug (D:1)
  A giant cockroach (D:2)
  5 goblins
  5 hobgoblins
  3 jackals (D:2)
  5 kobolds
  A quokka (D:3)
  4 bats
  2 frilled lizards (D:1)
  2 rats (D:1)
29 creatures vanquished.

Notes
Turn   | Place    | Note
-------+----------+-------------------------------------------
     0 | D:1      | Mithandil the Tengu Conjurer began the quest for the Orb.
     0 | D:1      | Reached XP level 1. HP: 10/10 MP: 4/4
   360 | D:1      | Reached XP level 2. HP: 15/15 MP: 1/6
   364 | D:1      | Learned a level 2 spell: Searing Ray
  1459 | D:2      | Reached XP level 3. HP: 20/20 MP: 0/7
  1526 | D:2      | Found an iron altar of Okawaru.
  1687 | D:3      | Noticed Grinder
  1700 | D:2      | You fall into a shaft and drop 1 floor!
  1791 | D:3      | Paralysed by Grinder for 2 turns
  1797 | D:2      | Mangled by Grinder

Levels and vault maps discovered:
D:1:      kilobyte_arrival_exit_the_forest, layout_basic
D:2:      layout_basic, okawaru_gym_becter
D:3:      layout_basic, uniq_grinder

Action                   || total
-------------------------++-------
Melee: Short sword       ||     8
       Kick              ||     4
       Spear             ||     7
 Cast: Magic Dart        ||    56
       Searing Ray       ||     2
  Eat: Chunk             ||     3
Armor: Leather armour    ||     5
Dodge: Dodged            ||    14
Block: Other             ||     1

Table legend:
 A = Non-vault XP
 B = Vault XP
 C = Vault XP percentage of total XP
 D = Non-vault monster count
 E = Vault monster count
 F = Vault count percentage of total count
                 A         B        C        D         E       F
            +---------+---------+-------+---------+---------+-------
      Total |      54 |       0 |   0.0 |      29 |       0 |   0.0
            +---------+---------+-------+---------+---------+-------
        D:1 |      26 |       0 |   0.0 |      14 |       0 |   0.0
        D:2 |      22 |       0 |   0.0 |      12 |       0 |   0.0
        D:3 |       6 |       0 |   0.0 |       3 |       0 |   0.0
            +---------+---------+-------+---------+---------+-------
